Bruins vs Rangers

Created - March 9 2011 at 18:41

Goals
1 2 3 T
Bruins 2 0 0 2
Rangers 2 1 0 3
Shots
1 2 3 T
Bruins 8 13 5 26
Rangers 8 8 9 25

Period #1

1. Rangers , Bill Guerin 6 (Andy Sutton, Evander Kane) at 2:30
2. Rangers , Mikko Koivu 27 (Nikolai Kulemin) at 7:45
3. Bruins , Patrice Bergeron 18 (Dustin Brown, Niklas Kronwall) at 10:31
4. Bruins , David Krejci 18 (Mark Recchi, Jordan Leopold) at 15:31

Penalties :
Dan Hamhuis (BOS) for Tripping (Minor) at 0:03, Nikolai Kulemin (NYR) for Slashing (Minor) at 2:59, Dustin Brown (BOS) for Hooking (Minor) at 3:44, Niklas Kronwall (BOS) for Holding (Minor) at 10:49, Rick Nash (BOS) for Holding (Minor) at 16:54

Period #2

5. Rangers , Alexander Edler 7 (Dan Cleary, Scott Gomez) at 1:54 (PP)

Penalties :
Niklas Kronwall (BOS) for Diving (Minor) at 0:53, Jeff Finger (NYR) for Holding (Minor) at 7:48, Nikolai Kulemin (NYR) for High sticking (Double Minor) at 12:54, Gregory Campbell (BOS) for Cross-checking (Minor) at 12:54, Rick Nash (BOS) for Elbowing (Minor) at 19:54

Period #3

No Goal

Penalties :
Adam McQuaid (BOS) for Hooking (Minor) at 1:58, Gregory Campbell (BOS) for Hooking (Minor) at 9:15, Gregory Campbell (BOS) for Hooking (Minor) at 15:19, Nikolai Kulemin (NYR) for Holding (Minor) at 17:57

Goalie Stats

Cam Ward (BOS), 22 saves from 25 shots - (0.880), L, 34-16-4, 59:04 minutes
Chris Mason (NYR), 24 saves from 26 shots - (0.923), W, 22-31-3, 60:00 minutes

Players Stats

Bruins
Player Name              G  A  P  +/- PIM S  H  SB FO    MP 
------------------------------------------------------------
Adam McQuaid             0  0  0   0  2   0  4  1  0/0   15 
Brad Marchand            0  0  0   0  0   0  0  0  0/1   3  
Chris Kelly              0  0  0   0  0   2  0  0  11/21 11 
Dan Hamhuis              0  0  0   0  2   3  0  1  0/0   22 
David Krejci             1  0  1   0  0   3  1  0  7/15  18 
Dennis Seidenberg        0  0  0   0  0   1  3  1  0/0   24 
Dustin Brown             0  1  1   0  2   0  3  0  0/0   16 
Gregory Campbell         0  0  0   0  6   1  3  1  1/2   9  
Henrik Zetterberg        0  0  0   0  0   2  0  0  8/16  13 
Jordan Leopold           0  1  1   0  0   1  0  0  0/0   19 
Mark Recchi              0  1  1   0  0   4  0  0  1/2   14 
Milan Lucic              0  0  0   0  0   2  1  0  0/0   14 
Nathan Horton            0  0  0   0  0   2  0  0  1/1   14 
Niklas Kronwall          0  1  1   0  4   0  1  1  0/0   21 
Patrice Bergeron         1  0  1   0  0   2  1  0  15/26 18 
Rich Peverley            0  0  0   0  0   0  0  0  1/1   19 
Rick Nash                0  0  0   0  4   2  0  0  1/1   13 
Toni Lydman              0  0  0   0  0   1  0  2  0/0   20 
Rangers
Player Name              G  A  P  +/- PIM S  H  SB FO    MP 
------------------------------------------------------------
Alexander Edler          1  0  1   1  0   2  1  1  0/0   23 
Andrei Kostitsyn         0  0  0   1  0   1  0  0  0/2   15 
Andy Sutton              0  1  1  -1  0   0  3  0  0/0   16 
Bill Guerin              1  0  1  -1  0   5  2  0  0/1   13 
Dan Cleary               0  1  1   0  0   1  2  0  0/1   17 
Derick Brassard          0  0  0  -1  0   0  0  0  4/17  17 
Eric Nystrom             0  0  0   0  0   1  0  0  0/0   11 
Evander Kane             0  1  1  -1  0   2  1  0  0/0   13 
Gilbert Brule            0  0  0   0  0   4  3  0  1/2   15 
Jeff Finger              0  0  0   0  2   0  1  1  0/0   17 
Jim Slater               0  0  0   0  0   0  0  0  4/9   10 
Keith Ballard            0  0  0   0  0   1  3  2  0/0   23 
Lubomir Visnovsky        0  0  0  -1  0   1  0  2  0/0   21 
Mike Weaver              0  0  0   1  0   2  0  2  0/0   17 
Mikko Koivu              1  0  1   1  0   2  0  0  15/27 19 
Nikolai Kulemin          0  1  1   1  8   1  4  1  1/1   16 
Patrick OSullivan        0  0  0   0  0   0  0  0  0/0   7  
Scott Gomez              0  1  1   0  0   2  0  1  15/26 18 

3 Stars

1 - Alexander Edler (NYR)
2 - Mikko Koivu (NYR)
3 - David Krejci (BOS)

Power Play

Bruins - 0 on 3 Attempt(s) - 0.00%
Rangers - 1 on 9 Attempt(s) - 11.11%

Penalty Kill

Bruins - 8 on 9 Attempt(s) - 88.89% - Score 0 goal in Penalty Kill
Rangers - 3 on 3 Attempt(s) - 100.00% - Score 0 goal in Penalty Kill

Game Notes

No Game Note

Finance

Level 1 -- Attendance: 3808 (58.58%) -- Ticket Income $476,000.00
Level 2 -- Attendance: 2917 (58.34%) -- Ticket Income $218,775.00
Level 3 -- Attendance: 1904 (54.40%) -- Ticket Income $95,200.00
Level 4 -- Attendance: 1940 (88.18%) -- Ticket Income $48,500.00
Luxury Box -- Attendance: 611 (61.10%) -- Ticket Income $152,750.00
Game was played at the Madison Square Garden
Total Attendance: 11180 (61.43%)
Total Ticket Income: $1,076,883.00
Other Income: $178,357.20
Total Income: $1,255,240.00


Play by Play

Period #1

0:01 of 1st period - Scott Gomez wins face-off versus Henrik Zetterberg in neutral zone.
0:03 of 1st period - Minor Penalty to Dan Hamhuis for Tripping.
0:04 of 1st period - Patrice Bergeron wins face-off versus Scott Gomez in Bruins zone.
0:18 of 1st period - Icing by Alexander Edler.
0:19 of 1st period - Scott Gomez wins face-off versus Patrice Bergeron in Rangers zone.
0:19 of 1st period - Scott Gomez is hit by Gregory Campbell.
0:48 of 1st period - Shot by Keith Ballard.
0:48 of 1st period - Stopped by Cam Ward without a rebound.
0:49 of 1st period - Patrice Bergeron wins face-off versus Mikko Koivu in Bruins zone.
1:10 of 1st period - Shot by Lubomir Visnovsky.
1:10 of 1st period - Stopped by Cam Ward with a rebound.
1:54 of 1st period - Shot by Gilbert Brule.
1:54 of 1st period - Stopped by Cam Ward without a rebound.
1:55 of 1st period - Chris Kelly wins face-off versus Scott Gomez in Bruins zone.
2:26 of 1st period - Shot by Evander Kane.
2:26 of 1st period - Shot Blocked by Adam McQuaid.
2:28 of 1st period - Shot by Bill Guerin.
2:28 of 1st period - Stopped by Cam Ward with a rebound.
2:30 of 1st period - Shot by Andy Sutton.
2:30 of 1st period - Deflect By Bill Guerin.
2:30 of 1st period - Goal by Bill Guerin - Bruins : 0 - Rangers : 1.
2:31 of 1st period - Rich Peverley wins face-off versus Jim Slater in neutral zone.
2:50 of 1st period - Shot by Henrik Zetterberg.
2:50 of 1st period - Deflect By Rick Nash.
2:50 of 1st period - Stopped by Chris Mason without a rebound.
2:51 of 1st period - Mikko Koivu wins face-off versus Patrice Bergeron in Rangers zone.
2:59 of 1st period - Minor Penalty to Nikolai Kulemin for Slashing.
3:00 of 1st period - Nathan Horton wins face-off versus Mikko Koivu in Rangers zone.
3:44 of 1st period - Minor Penalty to Dustin Brown for Hooking.
3:45 of 1st period - David Krejci wins face-off versus Scott Gomez in Bruins zone.
4:43 of 1st period - Derick Brassard is hit by Patrice Bergeron and loses puck.
4:52 of 1st period - Shot by Derick Brassard.
4:52 of 1st period - Shot Misses the Net.
4:54 of 1st period - Shot by Dan Cleary.
4:54 of 1st period - Shot Misses the Net.
5:18 of 1st period - Icing by Jeff Finger.
5:19 of 1st period - Chris Kelly wins face-off versus Mikko Koivu in Rangers zone.
5:50 of 1st period - Patrick OSullivan is hit by Adam McQuaid and loses puck.
5:59 of 1st period - Shot by Dustin Brown.
5:59 of 1st period - Shot Misses the Net.
6:29 of 1st period - Dustin Brown is hit by Evander Kane and loses puck.
6:52 of 1st period - Shot by Rich Peverley.
6:52 of 1st period - Shot Blocked by Mike Weaver.
6:54 of 1st period - Shot by Henrik Zetterberg.
6:54 of 1st period - Stopped by Chris Mason without a rebound.
6:55 of 1st period - Scott Gomez wins face-off versus Patrice Bergeron in Rangers zone.
6:55 of 1st period - Scott Gomez is hit by Dustin Brown.
7:21 of 1st period - Shot by Dustin Brown.
7:21 of 1st period - Shot Blocked by Keith Ballard.
7:29 of 1st period - Shot by Scott Gomez.
7:29 of 1st period - Deflect By Gilbert Brule.
7:29 of 1st period - Shot Misses the Net.
7:43 of 1st period - Shot by Mikko Koivu.
7:43 of 1st period - Shot Misses the Net.
7:45 of 1st period - Shot by Mikko Koivu.
7:45 of 1st period - Goal by Mikko Koivu - Bruins : 0 - Rangers : 2.
7:46 of 1st period - Henrik Zetterberg wins face-off versus Derick Brassard in neutral zone.
8:16 of 1st period - Shot by Bill Guerin.
8:16 of 1st period - Stopped by Cam Ward with a rebound.
8:18 of 1st period - Shot by Andy Sutton.
8:18 of 1st period - Shot Misses the Net.
8:22 of 1st period - Shot by Evander Kane.
8:22 of 1st period - Shot Blocked by Dennis Seidenberg.
8:53 of 1st period - Dan Hamhuis is hit by Nikolai Kulemin.
9:13 of 1st period - Shot by Milan Lucic.
9:13 of 1st period - Stopped by Chris Mason without a rebound.
9:14 of 1st period - Mark Recchi wins face-off versus Scott Gomez in Rangers zone.
9:15 of 1st period - Shot by David Krejci.
9:15 of 1st period - Deflect By Milan Lucic.
9:15 of 1st period - Shot Hit the Post.
9:21 of 1st period - Shot by David Krejci.
9:21 of 1st period - Shot Hit the Post.
9:32 of 1st period - Scott Gomez is hit by Adam McQuaid and loses puck.
9:51 of 1st period - Shot by Gilbert Brule.
9:51 of 1st period - Shot Misses the Net.
10:31 of 1st period - Shot by Patrice Bergeron.
10:31 of 1st period - Goal by Patrice Bergeron - Bruins : 1 - Rangers : 2.
10:32 of 1st period - Mikko Koivu wins face-off versus Chris Kelly in neutral zone.
10:32 of 1st period - Mikko Koivu is hit by Gregory Campbell.
10:49 of 1st period - Minor Penalty to Niklas Kronwall for Holding.
10:50 of 1st period - Scott Gomez wins face-off versus Chris Kelly in Bruins zone.
11:03 of 1st period - Gregory Campbell is hit by Gilbert Brule and loses puck.
11:13 of 1st period - Icing by Dan Cleary.
11:14 of 1st period - Scott Gomez wins face-off versus Chris Kelly in Rangers zone.
11:37 of 1st period - Shot by Mikko Koivu.
11:37 of 1st period - Shot Misses the Net.
12:00 of 1st period - Icing by Nikolai Kulemin.
12:01 of 1st period - Patrice Bergeron wins face-off versus Mikko Koivu in Rangers zone.
12:02 of 1st period - Shot by Jordan Leopold.
12:02 of 1st period - Shot Blocked by Jeff Finger.
12:16 of 1st period - Shot by Patrice Bergeron.
12:16 of 1st period - Shot Misses the Net.
12:29 of 1st period - Icing by Lubomir Visnovsky.
12:30 of 1st period - Mikko Koivu wins face-off versus Chris Kelly in Rangers zone.
13:18 of 1st period - Shot by Mark Recchi.
13:18 of 1st period - Stopped by Chris Mason without a rebound.
13:19 of 1st period - Henrik Zetterberg wins face-off versus Derick Brassard in Rangers zone.
13:24 of 1st period - Shot by Henrik Zetterberg.
13:24 of 1st period - Deflect By Rich Peverley.
13:24 of 1st period - Shot Misses the Net.
14:51 of 1st period - Shot by Patrice Bergeron.
14:51 of 1st period - Shot Blocked by Alexander Edler.
15:31 of 1st period - Shot by David Krejci.
15:31 of 1st period - Goal by David Krejci - Bruins : 2 - Rangers : 2.
15:32 of 1st period - Scott Gomez wins face-off versus Chris Kelly in neutral zone.
15:55 of 1st period - Shot by Gregory Campbell.
15:55 of 1st period - Shot Blocked by Mike Weaver.
15:57 of 1st period - Shot by Chris Kelly.
15:57 of 1st period - Stopped by Chris Mason without a rebound.
15:58 of 1st period - Rick Nash wins face-off versus Andrei Kostitsyn in Rangers zone.
15:59 of 1st period - Shot by Dan Hamhuis.
15:59 of 1st period - Stopped by Chris Mason without a rebound.
16:00 of 1st period - Mikko Koivu wins face-off versus David Krejci in Rangers zone.
16:10 of 1st period - Icing by David Krejci.
16:11 of 1st period - Derick Brassard wins face-off versus David Krejci in Bruins zone.
16:24 of 1st period - Adam McQuaid is hit by Bill Guerin and loses puck.
16:54 of 1st period - Minor Penalty to Rick Nash for Holding.
16:55 of 1st period - Scott Gomez wins face-off versus Patrice Bergeron in Bruins zone.
16:55 of 1st period - Scott Gomez is hit by Dennis Seidenberg.
16:57 of 1st period - Shot by Alexander Edler.
16:57 of 1st period - Stopped by Cam Ward without a rebound.
16:58 of 1st period - Chris Kelly wins face-off versus Mikko Koivu in Bruins zone.
16:58 of 1st period - Chris Kelly is hit by Nikolai Kulemin.
17:39 of 1st period - Dan Hamhuis is hit by Nikolai Kulemin and loses puck.
18:27 of 1st period - Gilbert Brule is hit by Dennis Seidenberg and loses puck.
19:10 of 1st period - Bill Guerin is hit by Milan Lucic and loses puck.
19:34 of 1st period - Off-side.
19:35 of 1st period - Jim Slater wins face-off versus Henrik Zetterberg in neutral zone.
19:41 of 1st period - Icing by Dennis Seidenberg.
19:42 of 1st period - Scott Gomez wins face-off versus Henrik Zetterberg in Bruins zone.

Period #2

0:01 of 2nd period - Scott Gomez wins face-off versus Henrik Zetterberg in neutral zone.
0:23 of 2nd period - Rich Peverley is hit by Keith Ballard and loses puck.
0:32 of 2nd period - Shot by Gilbert Brule.
0:32 of 2nd period - Stopped by Cam Ward without a rebound.
0:33 of 2nd period - Mikko Koivu wins face-off versus Patrice Bergeron in Bruins zone.
0:53 of 2nd period - Minor Penalty to Niklas Kronwall for Diving.
0:54 of 2nd period - Gregory Campbell wins face-off versus Mikko Koivu in Bruins zone.
1:54 of 2nd period - Shot by Alexander Edler.
1:54 of 2nd period - Goal by Alexander Edler - Bruins : 2 - Rangers : 3.
1:55 of 2nd period - David Krejci wins face-off versus Derick Brassard in neutral zone.
2:10 of 2nd period - Shot by Mark Recchi.
2:10 of 2nd period - Shot Blocked by Lubomir Visnovsky.
2:12 of 2nd period - Shot by Mark Recchi.
2:12 of 2nd period - Stopped by Chris Mason without a rebound.
2:13 of 2nd period - Patrice Bergeron wins face-off versus Jim Slater in Rangers zone.
2:13 of 2nd period - Patrice Bergeron is hit by Keith Ballard.
5:33 of 2nd period - Icing by Dennis Seidenberg.
5:34 of 2nd period - Jim Slater wins face-off versus Chris Kelly in Bruins zone.
5:43 of 2nd period - Shot by Eric Nystrom.
5:43 of 2nd period - Stopped by Cam Ward without a rebound.
5:44 of 2nd period - Derick Brassard wins face-off versus Patrice Bergeron in Bruins zone.
5:44 of 2nd period - Derick Brassard is hit by Niklas Kronwall.
5:46 of 2nd period - Shot by Evander Kane.
5:46 of 2nd period - Stopped by Cam Ward without a rebound.
5:47 of 2nd period - Patrice Bergeron wins face-off versus Derick Brassard in Bruins zone.
5:56 of 2nd period - Icing by Evander Kane.
5:57 of 2nd period - Patrice Bergeron wins face-off versus Derick Brassard in Rangers zone.
6:08 of 2nd period - Shot by Nathan Horton.
6:08 of 2nd period - Shot Misses the Net.
6:12 of 2nd period - Shot by Patrice Bergeron.
6:12 of 2nd period - Shot Misses the Net.
6:14 of 2nd period - Shot by Patrice Bergeron.
6:14 of 2nd period - Stopped by Chris Mason without a rebound.
6:15 of 2nd period - Henrik Zetterberg wins face-off versus Jim Slater in Rangers zone.
6:25 of 2nd period - Henrik Zetterberg is hit by Keith Ballard and loses puck.
7:15 of 2nd period - Toni Lydman is hit by Alexander Edler and loses puck.
7:18 of 2nd period - Shot by Toni Lydman.
7:18 of 2nd period - Stopped by Chris Mason without a rebound.
7:19 of 2nd period - David Krejci wins face-off versus Derick Brassard in Rangers zone.
7:19 of 2nd period - David Krejci is hit by Andy Sutton.
7:22 of 2nd period - Mark Recchi is hit by Andy Sutton and loses puck.
7:25 of 2nd period - Shot by David Krejci.
7:25 of 2nd period - Shot Misses the Net.
7:27 of 2nd period - Shot by Jordan Leopold.
7:27 of 2nd period - Shot Hit the Post.
7:31 of 2nd period - Shot by Milan Lucic.
7:31 of 2nd period - Shot Blocked by Lubomir Visnovsky.
7:35 of 2nd period - Shot by Mark Recchi.
7:35 of 2nd period - Stopped by Chris Mason with a rebound.
7:37 of 2nd period - Shot by David Krejci.
7:37 of 2nd period - Deflect By Mark Recchi.
7:37 of 2nd period - Stopped by Chris Mason without a rebound.
7:38 of 2nd period - Patrice Bergeron wins face-off versus Scott Gomez in Rangers zone.
7:38 of 2nd period - Niklas Kronwall is hit by Jeff Finger and loses puck.
7:48 of 2nd period - Minor Penalty to Jeff Finger for Holding.
7:49 of 2nd period - Mikko Koivu wins face-off versus David Krejci in Rangers zone.
7:49 of 2nd period - Mikko Koivu is hit by David Krejci.
8:18 of 2nd period - Shot by Jordan Leopold.
8:18 of 2nd period - Shot Misses the Net.
8:20 of 2nd period - Shot by David Krejci.
8:20 of 2nd period - Stopped by Chris Mason without a rebound.
8:21 of 2nd period - Mikko Koivu wins face-off versus Henrik Zetterberg in Rangers zone.
8:26 of 2nd period - Shot by Dustin Brown.
8:26 of 2nd period - Shot Misses the Net.
8:30 of 2nd period - Shot by Henrik Zetterberg.
8:30 of 2nd period - Shot Misses the Net.
9:23 of 2nd period - Shot by Dan Hamhuis.
9:23 of 2nd period - Stopped by Chris Mason with a rebound.
10:18 of 2nd period - Off-side.
10:19 of 2nd period - Chris Kelly wins face-off versus Derick Brassard in neutral zone.
10:24 of 2nd period - Shot by Gregory Campbell.
10:24 of 2nd period - Shot Hit the Post.
10:28 of 2nd period - Shot by Chris Kelly.
10:28 of 2nd period - Stopped by Chris Mason without a rebound.
10:29 of 2nd period - Mikko Koivu wins face-off versus Patrice Bergeron in Rangers zone.
10:35 of 2nd period - Off-side.
10:36 of 2nd period - Henrik Zetterberg wins face-off versus Derick Brassard in neutral zone.
10:47 of 2nd period - Henrik Zetterberg is hit by Bill Guerin and loses puck.
10:53 of 2nd period - Dennis Seidenberg is hit by Andy Sutton and loses puck.
12:13 of 2nd period - Mike Weaver is hit by Dustin Brown and loses puck.
12:54 of 2nd period - Double Minor Penalty to Nikolai Kulemin for High sticking.
12:54 of 2nd period - Minor Penalty to Gregory Campbell for Cross-checking.
12:55 of 2nd period - David Krejci wins face-off versus Derick Brassard in neutral zone.
13:10 of 2nd period - Shot by Rick Nash.
13:10 of 2nd period - Stopped by Chris Mason with a rebound.
13:12 of 2nd period - Shot by Rick Nash.
13:12 of 2nd period - Shot Misses the Net.
13:49 of 2nd period - Shot by Nathan Horton.
13:49 of 2nd period - Shot Blocked by Scott Gomez.
14:55 of 2nd period - Jim Slater is hit by Dustin Brown and loses puck.
16:01 of 2nd period - Shot by Nathan Horton.
16:01 of 2nd period - Stopped by Chris Mason without a rebound.
16:02 of 2nd period - David Krejci wins face-off versus Mikko Koivu in Rangers zone.
16:03 of 2nd period - Shot by Jordan Leopold.
16:03 of 2nd period - Stopped by Chris Mason without a rebound.
16:04 of 2nd period - Mikko Koivu wins face-off versus Brad Marchand in Rangers zone.
16:51 of 2nd period - Shot by Dennis Seidenberg.
16:51 of 2nd period - Shot Blocked by Keith Ballard.
16:53 of 2nd period - Shot by Dennis Seidenberg.
16:53 of 2nd period - Stopped by Chris Mason without a rebound.
16:54 of 2nd period - Patrice Bergeron wins face-off versus Gilbert Brule in Rangers zone.
17:09 of 2nd period - Icing by Toni Lydman.
17:10 of 2nd period - Derick Brassard wins face-off versus Patrice Bergeron in Bruins zone.
17:13 of 2nd period - Shot by Derick Brassard.
17:13 of 2nd period - Shot Misses the Net.
17:37 of 2nd period - Shot by Bill Guerin.
17:37 of 2nd period - Shot Misses the Net.
17:41 of 2nd period - Shot by Evander Kane.
17:41 of 2nd period - Stopped by Cam Ward without a rebound.
17:42 of 2nd period - Scott Gomez wins face-off versus David Krejci in Bruins zone.
17:50 of 2nd period - Icing by Jordan Leopold.
17:51 of 2nd period - David Krejci wins face-off versus Scott Gomez in Bruins zone.
17:53 of 2nd period - Icing by Jordan Leopold.
17:54 of 2nd period - Scott Gomez wins face-off versus David Krejci in Bruins zone.
18:05 of 2nd period - Shot by Gilbert Brule.
18:05 of 2nd period - Shot Misses the Net.
18:07 of 2nd period - Shot by Scott Gomez.
18:07 of 2nd period - Stopped by Cam Ward with a rebound.
18:11 of 2nd period - Shot by Scott Gomez.
18:11 of 2nd period - Shot Misses the Net.
18:15 of 2nd period - Shot by Scott Gomez.
18:15 of 2nd period - Shot Misses the Net.
18:19 of 2nd period - Shot by Scott Gomez.
18:19 of 2nd period - Shot Misses the Net.
18:23 of 2nd period - Shot by Gilbert Brule.
18:23 of 2nd period - Stopped by Cam Ward with a rebound.
18:27 of 2nd period - Shot by Scott Gomez.
18:27 of 2nd period - Stopped by Cam Ward without a rebound.
18:28 of 2nd period - Henrik Zetterberg wins face-off versus Derick Brassard in Bruins zone.
18:33 of 2nd period - Shot by Henrik Zetterberg.
18:33 of 2nd period - Stopped by Chris Mason without a rebound.
18:34 of 2nd period - Chris Kelly wins face-off versus Mikko Koivu in Rangers zone.
18:52 of 2nd period - Icing by Mikko Koivu.
18:53 of 2nd period - Patrice Bergeron wins face-off versus Mikko Koivu in Rangers zone.
19:25 of 2nd period - Icing by Niklas Kronwall.
19:26 of 2nd period - Patrice Bergeron wins face-off versus Derick Brassard in Bruins zone.
19:54 of 2nd period - Minor Penalty to Rick Nash for Elbowing.
19:55 of 2nd period - Scott Gomez wins face-off versus Henrik Zetterberg in Bruins zone.

Period #3

0:01 of 3rd period - Scott Gomez wins face-off versus Patrice Bergeron in neutral zone.
0:49 of 3rd period - Icing by Scott Gomez.
0:50 of 3rd period - Scott Gomez wins face-off versus Chris Kelly in Rangers zone.
1:31 of 3rd period - Shot by Lubomir Visnovsky.
1:31 of 3rd period - Shot Blocked by Toni Lydman.
1:35 of 3rd period - Shot by Andrei Kostitsyn.
1:35 of 3rd period - Stopped by Cam Ward without a rebound.
1:36 of 3rd period - Mikko Koivu wins face-off versus Patrice Bergeron in Bruins zone.
1:58 of 3rd period - Minor Penalty to Adam McQuaid for Hooking.
1:59 of 3rd period - Chris Kelly wins face-off versus Scott Gomez in Bruins zone.
2:34 of 3rd period - Dennis Seidenberg is hit by Gilbert Brule and loses puck.
2:49 of 3rd period - Chris Kelly is hit by Nikolai Kulemin and loses puck.
3:27 of 3rd period - Shot by Derick Brassard.
3:27 of 3rd period - Shot Misses the Net.
3:31 of 3rd period - Shot by Derick Brassard.
3:31 of 3rd period - Shot Misses the Net.
3:37 of 3rd period - Shot by Mike Weaver.
3:37 of 3rd period - Deflect By Bill Guerin.
3:37 of 3rd period - Shot Blocked by Gregory Campbell.
3:43 of 3rd period - Shot by Mike Weaver.
3:43 of 3rd period - Stopped by Cam Ward without a rebound.
3:44 of 3rd period - Scott Gomez wins face-off versus Chris Kelly in Bruins zone.
4:10 of 3rd period - Evander Kane is hit by Adam McQuaid and loses puck.
5:37 of 3rd period - Icing by Alexander Edler.
5:38 of 3rd period - Nikolai Kulemin wins face-off versus David Krejci in Rangers zone.
6:14 of 3rd period - Icing by Nikolai Kulemin.
6:15 of 3rd period - Patrice Bergeron wins face-off versus Mikko Koivu in Rangers zone.
6:16 of 3rd period - Shot by Nathan Horton.
6:16 of 3rd period - Shot Blocked by Nikolai Kulemin.
6:34 of 3rd period - Shot by Scott Gomez.
6:34 of 3rd period - Shot Hit the Post.
6:36 of 3rd period - Shot by Keith Ballard.
6:36 of 3rd period - Shot Misses the Net.
7:23 of 3rd period - Jim Slater is hit by Dennis Seidenberg and loses puck.
8:20 of 3rd period - Shot by Milan Lucic.
8:20 of 3rd period - Stopped by Chris Mason with a rebound.
8:25 of 3rd period - Off-side.
8:26 of 3rd period - Derick Brassard wins face-off versus Gregory Campbell in neutral zone.
8:41 of 3rd period - Shot by David Krejci.
8:41 of 3rd period - Stopped by Chris Mason with a rebound.
8:43 of 3rd period - Shot by Gregory Campbell.
8:43 of 3rd period - Stopped by Chris Mason without a rebound.
8:44 of 3rd period - Patrice Bergeron wins face-off versus Scott Gomez in Rangers zone.
8:53 of 3rd period - Niklas Kronwall is hit by Dan Cleary and loses puck.
9:12 of 3rd period - Shot by Gilbert Brule.
9:12 of 3rd period - Stopped by Cam Ward without a rebound.
9:13 of 3rd period - Chris Kelly wins face-off versus Derick Brassard in Bruins zone.
9:15 of 3rd period - Minor Penalty to Gregory Campbell for Hooking.
9:16 of 3rd period - Mikko Koivu wins face-off versus Henrik Zetterberg in Bruins zone.
9:48 of 3rd period - Off-side.
9:49 of 3rd period - Gilbert Brule wins face-off versus Chris Kelly in neutral zone.
10:10 of 3rd period - Shot by Keith Ballard.
10:10 of 3rd period - Shot Misses the Net.
10:12 of 3rd period - Shot by Alexander Edler.
10:12 of 3rd period - Shot Blocked by Toni Lydman.
11:07 of 3rd period - Icing by Lubomir Visnovsky.
11:08 of 3rd period - Patrice Bergeron wins face-off versus Mikko Koivu in Rangers zone.
11:28 of 3rd period - Icing by Keith Ballard.
11:29 of 3rd period - Jim Slater wins face-off versus David Krejci in Rangers zone.
11:31 of 3rd period - Icing by Patrick OSullivan.
11:32 of 3rd period - Jim Slater wins face-off versus Mark Recchi in Rangers zone.
12:17 of 3rd period - Shot by Bill Guerin.
12:17 of 3rd period - Shot Misses the Net.
12:31 of 3rd period - Shot by Bill Guerin.
12:31 of 3rd period - Stopped by Cam Ward without a rebound.
12:32 of 3rd period - Henrik Zetterberg wins face-off versus Scott Gomez in Bruins zone.
12:32 of 3rd period - Henrik Zetterberg is hit by Dan Cleary.
12:35 of 3rd period - Rick Nash is hit by Gilbert Brule and loses puck.
12:57 of 3rd period - Icing by Dan Hamhuis.
12:58 of 3rd period - Mikko Koivu wins face-off versus Henrik Zetterberg in Bruins zone.
13:03 of 3rd period - Shot by Mikko Koivu.
13:03 of 3rd period - Shot Blocked by Dan Hamhuis.
13:05 of 3rd period - Shot by Mike Weaver.
13:05 of 3rd period - Shot Misses the Net.
13:07 of 3rd period - Shot by Nikolai Kulemin.
13:07 of 3rd period - Stopped by Cam Ward without a rebound.
13:08 of 3rd period - Patrice Bergeron wins face-off versus Andrei Kostitsyn in Bruins zone.
13:18 of 3rd period - Icing by Mike Weaver.
13:19 of 3rd period - Mikko Koivu wins face-off versus Patrice Bergeron in Rangers zone.
13:24 of 3rd period - Shot by Andrei Kostitsyn.
13:24 of 3rd period - Shot Misses the Net.
13:26 of 3rd period - Shot by Andrei Kostitsyn.
13:26 of 3rd period - Shot Blocked by Niklas Kronwall.
13:28 of 3rd period - Shot by Mikko Koivu.
13:28 of 3rd period - Stopped by Cam Ward with a rebound.
13:30 of 3rd period - Shot by Mike Weaver.
13:30 of 3rd period - Stopped by Cam Ward without a rebound.
13:31 of 3rd period - Chris Kelly wins face-off versus Derick Brassard in Bruins zone.
13:37 of 3rd period - Icing by Dennis Seidenberg.
13:38 of 3rd period - Chris Kelly wins face-off versus Scott Gomez in Bruins zone.
13:43 of 3rd period - Jeff Finger is hit by Gregory Campbell and loses puck.
13:51 of 3rd period - Icing by Gilbert Brule.
13:52 of 3rd period - Patrice Bergeron wins face-off versus Scott Gomez in Rangers zone.
13:59 of 3rd period - Shot by Dustin Brown.
13:59 of 3rd period - Shot Misses the Net.
14:25 of 3rd period - Shot by Nathan Horton.
14:25 of 3rd period - Stopped by Chris Mason without a rebound.
14:26 of 3rd period - David Krejci wins face-off versus Bill Guerin in Rangers zone.
15:02 of 3rd period - Evander Kane is hit by Adam McQuaid and loses puck.
15:07 of 3rd period - Shot by Bill Guerin.
15:07 of 3rd period - Stopped by Cam Ward without a rebound.
15:08 of 3rd period - Chris Kelly wins face-off versus Mikko Koivu in Bruins zone.
15:19 of 3rd period - Minor Penalty to Gregory Campbell for Hooking.
15:20 of 3rd period - Mikko Koivu wins face-off versus Chris Kelly in Bruins zone.
16:13 of 3rd period - Shot by Dan Cleary.
16:13 of 3rd period - Stopped by Cam Ward without a rebound.
16:14 of 3rd period - Chris Kelly wins face-off versus Dan Cleary in Bruins zone.
17:57 of 3rd period - Minor Penalty to Nikolai Kulemin for Holding.
17:58 of 3rd period - Henrik Zetterberg wins face-off versus Jim Slater in Rangers zone.
19:04 of 3rd period - Bruins, Cam Ward is pulled from the net.
19:04 of 3rd period - Shot by Dan Hamhuis.
19:04 of 3rd period - Stopped by Chris Mason without a rebound.
19:05 of 3rd period - Henrik Zetterberg wins face-off versus Jim Slater in Rangers zone.
19:45 of 3rd period - Off-side.
19:46 of 3rd period - Mikko Koivu wins face-off versus David Krejci in neutral zone.


Output by the SimonT Hockey Simulator (STHS) for Stephane Roy -- Original Page W3C XHTML 1.0 Valid